 Dungeon Crawl Stone Soup version 0.31.0-32-g396128a36d (webtiles) character file.

Game seed: 16431472651566675717

17613 imdaedric the Cleaver (level 12, -2/111 HPs)
             Began as a Hill Orc Fighter on Apr 22, 2024.
             Was a High Priest of Beogh.
             Slain by a nine-headed hydra (4 damage)
             ... on level 2 of the Lair of Beasts.
             The game lasted 00:15:53 (9661 turns).

imdaedric the Cleaver (Hill Orc Fighter)            Turns: 9661, Time: 00:15:53

Health: -2/111     AC: 19    Str: 24    XL:     12   Next: 49%
Magic:  19/19      EV:  6    Int:  8    God:    Beogh [*****.]
Gold:   737        SH: 16    Dex: 10    Spells: 11/11 levels left

rFire   . . .        b - +0 spear
rCold   + . .        A - +0 kite shield
rNeg    . . .        v - +0 plate armour
rPois   +            (no helmet)
rElec   .            m - +0 cloak
rCorr   .            (no gloves)
SInv    .            o - +2 pair of boots
Will    .....        y - amulet of reflection Stlth
                     s - ring of protection from cold
HPRegen 0.38/turn    u - ring of poison resistance
MPRegen 0.16/turn

%: reflection
@: no status effects
A: walk on water
a: Renounce Religion, Smiting, Recall Orcish Followers, Give Item to Named
Follower


You were on level 2 of the Lair of Beasts.
You worshipped Beogh.
Beogh was extremely pleased with you.
You visited 2 branches of the dungeon, and saw 12 of its levels.

You collected 825 gold pieces.
You spent 88 gold pieces at shops.

Inventory:

Hand Weapons
 a - a +3 war axe of freezing
 b - a +0 spear (weapon)
Missiles
 g - a throwing net (quivered)
Armour
 m - a +0 cloak (worn)
 o - a +2 pair of boots (worn)
 v - a +0 plate armour (worn)
 A - a +0 kite shield (worn)
Jewellery
 d - a ring of resist corrosion
 s - a ring of protection from cold (left hand)
 u - a ring of poison resistance (right hand)
 y - an amulet of reflection (around neck)
Wands
 f - a wand of flame (5)
 l - a wand of polymorph (7)
 z - a wand of iceblast (7)
 C - a wand of paralysis (17)
 G - a wand of quicksilver (4)
 J - a wand of mindburst (6)
Scrolls
 c - 3 scrolls of enchant armour
 e - 7 scrolls of teleportation
 j - 2 scrolls of blinking
 r - 4 scrolls of noise
 B - a scroll of fog
 E - 3 scrolls of butterflies
 F - a scroll of poison
 I - a scroll of identify
Potions
 h - a potion of enlightenment {unknown}
 i - 2 potions of lignification
 k - 7 potions of curing
 n - a potion of mutation {unknown}
 p - a potion of brilliance {unknown}
 q - 3 potions of invisibility
 t - a potion of haste
 w - 2 potions of attraction {unknown}
 x - 3 potions of might
 D - a potion of degeneration
 H - a potion of heal wounds


   Skills:
 + Level 11.7 Fighting
 + Level 12.3 Axes
 + Level 10.7 Armour
 + Level 10.8 Shields
 + Level 10.6 Invocations


You had 11 spell levels left.
You didn't know any spells.
Your spell library contained the following spells:

 Spells                   Type           Power      Damage    Failure   Level
 Shock                    Conj/Air       0%         1d3       100%        1
 Sting                    Conj/Alch      0%         1d3       100%        1
 Swiftness                Air            0%         N/A       100%        3
 Airstrike                Air            0%         2d(0-16)  100%        4
 Brom's Barrelling Bould  Conj/Erth      0%         2d3       100%        4
 Fireball                 Conj/Fire      0%         3d3       100%        5
 Iskenderun's Battlesphe  Conj           0%         2d6       100%        5
 Conjure Ball Lightning   Conj/Air       0%         3x3d6     100%        6
 Orb of Destruction       Conj           0%         9d5       100%        7


Dungeon Overview and Level Annotations

Branches:
Dungeon (10/15)            Temple (0/1) D:7            Lair (2/5) D:8
    Orc (0/2) D:9
  Swamp: Lair:2-3    Shoals: Lair:2-3     Snake: Lair:2-3    Spider: Lair:2-3

Altars:
Elyvilon
Ru
Uskayaw
Zin

Shops:
D:6 !


Message History

The nine-headed hydra barely misses you.
The nine-headed hydra bites you! x2
* * * LOW HITPOINT WARNING * * *
The nine-headed hydra bites you.
* * * LOW HITPOINT WARNING * * *
The nine-headed hydra bites you but does no damage.
You hit the nine-headed hydra but do no damage.
The nine-headed hydra is heavily wounded.
You block the nine-headed hydra's attack.
The nine-headed hydra bites you but does no damage.
You block the nine-headed hydra's attack. x2
The nine-headed hydra bites you but does no damage.
The nine-headed hydra bites you.
* * * LOW HITPOINT WARNING * * *
The nine-headed hydra bites you but does no damage.
The nine-headed hydra barely misses you.
The nine-headed hydra completely misses you.
You puncture the nine-headed hydra!
The nine-headed hydra is severely wounded.
You block the nine-headed hydra's attack.
The nine-headed hydra barely misses you.
You block the nine-headed hydra's attack. x2
The nine-headed hydra bites you.
* * * LOW HITPOINT WARNING * * *
The nine-headed hydra bites you but does no damage.
The nine-headed hydra bites you.
* * * LOW HITPOINT WARNING * * *
The nine-headed hydra bites you!
* * * LOW HITPOINT WARNING * * *
The nine-headed hydra bites you!
* * * LOW HITPOINT WARNING * * *
You hit the nine-headed hydra.
The nine-headed hydra is severely wounded.
The nine-headed hydra bites you.
* * * LOW HITPOINT WARNING * * *
The nine-headed hydra bites you but does no damage. x2
You block the nine-headed hydra's attack. x3
The nine-headed hydra bites you but does no damage.
The nine-headed hydra bites you.
You die...

###.....#......##.#.###......##
#.#.....†..#<..#...## #...#.##
..............##..## ####.##
......#..P#....#### ###
.....#.#.##......##
.#....#...##P.....#
.....##..###......#
.#...#....####....# ...#.....##
####@## ........#.#
#.#D.##♣♣♣♣♣ ♣♣♣♣ .###P######
#..>.#.♣≈≈≈♣♣♣♣♣..~♣ ## ###
#......♣≈≈.≈♣§§...§ #
#......♣~≈..♣Dl.♣ #
##....♣♣~..~♣)♣ ##
###...♣~~~...♣ .# #P...♣~.....♣
.## ###....~~..♣♣


You could see a nine-headed hydra.

Vanquished Creatures
  An orc knight (D:10)
  7 elephants
  2 cane toads
  6 komodo dragons
  A rime drake (Lair:2)
  2 trolls
  A polar bear (Lair:2)
  A hornet (D:9)
  Sigmund (D:6)
  3 wyverns
  31 yaks
  2 vampire mosquitoes
  5 water moccasins
  4 orc warriors
  A black bear (D:8)
  4 ice beasts
  2 centaurs (D:8)
  An ogre (D:6)
  5 wolves (Lair:2)
  2 phantoms (D:5)
  4 kobold brigands
  5 bullfrogs
  2 gnoll sergeants
  5 scorpions
  8 wights (D:8)
  2 killer bees (D:9)
  A howler monkey (D:7)
  3 bombardier beetles
  2 hounds
  A jelly (D:4)
  4 orc priests
  4 gnoll boudas
  3 iguanas
  A sleepcap (D:8)
  4 orc wizards
  25 gnolls
  8 adders
  3 white imps (D:8)
  A dart slug (D:2)
  3 ribbon worms
  29 orcs
  10 ball pythons
  3 endoplasms
  9 giant cockroaches
  4 goblins
  11 hobgoblins
  7 jackals
  18 kobolds
  3 quokkas
  7 bats
  2 frilled lizards
  4 rats
278 creatures vanquished.

Vanquished Creatures (collateral kills)
  An ogre mage (D:10)
  A two-headed ogre (D:10)
  2 cane toads (Lair:2)
  A gargoyle (D:10)
  2 yaks
  A wyvern (Lair:2)
  3 wraiths
  A basilisk (Lair:2)
  A swamp worm (Lair:2)
  A wolf (Lair:2)
  A centaur (D:9)
  3 bullfrogs
  A killer bee (D:9)
  A howler monkey (D:10)
  An orc (D:9)
21 creatures vanquished.

Vanquished Creatures (others)
  3 orc knights
  An orc priest (D:10)
  An orc wizard (D:10)
  9 orcs
14 creatures vanquished.

Grand Total: 313 creatures vanquished

Notes
Turn   | Place    | Note
-------+----------+-------------------------------------------
     0 | D:1      | imdaedric the Hill Orc Fighter began the quest for the Orb.
     0 | D:1      | Reached XP level 1. HP: 19/19 MP: 1/1
   180 | D:1      | Reached skill level 3 in Axes
   180 | D:1      | Reached XP level 2. HP: 25/27 MP: 2/2
   285 | D:1      | Found a faded altar of an unknown god.
   301 | D:1      | Got Plato's Grimoire of Reformation
   551 | D:1      | Reached XP level 3. HP: 33/33 MP: 3/3
  1367 | D:3      | Reached XP level 4. HP: 40/40 MP: 4/4
  1649 | D:3      | Reached XP level 5. HP: 46/47 MP: 5/5
  1651 | D:3      | Reached skill level 4 in Axes
  1898 | D:3      | Became a worshipper of Beogh the Brigand
  2071 | D:4      | Reached skill level 5 in Fighting
  2071 | D:4      | Reached XP level 6. HP: 56/56 MP: 6/6
  2476 | D:4      | Reached * piety under Beogh
  2581 | D:4      | Reached skill level 5 in Axes
  2626 | D:4      | Reached skill level 5 in Armour
  2710 | D:4      | Reached skill level 5 in Shields
  2778 | D:5      | Entered Level 5 of the Dungeon
  2806 | D:5      | Noticed a troll
  2817 | D:5      | Reached XP level 7. HP: 46/61 MP: 7/7
  2837 | D:5      | Killed a troll
  2839 | D:5      | Reached skill level 6 in Axes
  2911 | D:5      | Reached XP level 8. HP: 66/71 MP: 8/8
  3123 | D:5      | Reached skill level 1 in Invocations
  3355 | D:6      | Found Syaqeoso's Distillery.
  3363 | D:6      | Bought 2 potions of might for 88 gold pieces
  3480 | D:6      | Reached ** piety under Beogh
  3524 | D:6      | Found a sacrificial altar of Ru.
  3623 | D:6      | Reached skill level 7 in Axes
  3663 | D:6      | Found a hide-covered altar of Uskayaw.
  3943 | D:6      | Noticed Sigmund
  3961 | D:6      | Killed Sigmund
  3962 | D:6      | Reached XP level 9. HP: 79/79 MP: 9/11
  4102 | D:7      | Found a staircase to the Ecumenical Temple.
  4329 | D:7      | Reached skill level 8 in Axes
  4459 | D:7      | Identified the +2 dagger of the Manifold Scars {holy, rC-
                  | Dex+4}
  4488 | D:7      | Reached skill level 5 in Invocations
  4868 | D:8      | Noticed an elephant
  4877 | D:8      | Reached XP level 10. HP: 84/90 MP: 14/14
  4879 | D:8      | Reached *** piety under Beogh
  4892 | D:8      | Killed an elephant
  4893 | D:8      | Reached skill level 9 in Axes
  5743 | D:8      | Found a staircase to the Lair.
  6331 | D:9      | Gained Zorug as an ally
  6333 | D:9      | Reached skill level 10 in Axes
  6535 | D:9      | Found a glowing silver altar of Zin.
  6544 | D:9      | Reached **** piety under Beogh
  6564 | D:9      | Found a staircase to the Orcish Mines.
  6587 | D:9      | Reached XP level 11. HP: 76/99 MP: 16/16
  6854 | D:9      | Found a white marble altar of Elyvilon.
  7344 | D:10     | Entered Level 10 of the Dungeon
  7380 | D:10     | Identified the +1 ring mail of Gravity {rCorr Str-4 Dex+4
                  | Slay-3}
  7407 | D:10     | Noticed an orc knight
  7414 | D:10     | Killed an orc knight
  7415 | D:10     | Reached skill level 10 in Fighting
  7453 | D:10     | Noticed a two-headed ogre
  7471 | D:10     | Killed a two-headed ogre
  7472 | D:10     | Noticed an ogre mage
  7480 | D:10     | Your ally Zorug died
  7482 | D:10     | Noticed an eight-headed hydra
  7486 | D:10     | Killed an ogre mage
  7489 | D:10     | Gained Dorog as an ally
  7495 | D:10     | Your ally Dorog died
  7739 | Lair:1   | Entered Level 1 of the Lair of Beasts
  7755 | Lair:1   | Reached skill level 11 in Axes
  7819 | Lair:1   | Reached skill level 10 in Shields
  7820 | Lair:1   | Reached skill level 10 in Armour
  8237 | Lair:1   | Reached XP level 12. HP: 102/110 MP: 19/19
  8407 | Lair:1   | Reached skill level 10 in Invocations
  8407 | Lair:1   | Gained Agrik as an ally
  8573 | Lair:1   | Reached skill level 12 in Axes
  8891 | Lair:2   | Reached ***** piety under Beogh
  9479 | Lair:2   | Noticed an eight-headed hydra
  9488 | Lair:2   | Your ally Agrik died
  9661 | Lair:2   | HP: 2/111 [nine-headed hydra (6)]
  9661 | Lair:2   | Slain by a nine-headed hydra

Illustrated notes

Levels and vault maps discovered:
D:1:      roderic_octagonal_star, layout_loops_ring,
          shapermc_ecumenical_altar_rom_forum, minmay_worlds_worst_comb
D:2:      layout_rooms, minmay_pentomino_t2
D:3:      layout_basic, minmay_surrounded
D:4:      layout_loops_ring, minmay_close_crescents
D:5:      layout_rooms
D:6:      kennysheep_spiral_hall, layout_cave_pools,
          mainiacjoe_overflow_brackets, overflow_temple_1_default, serial_shops,
          shop, minivault_22, minmay_unpleasant_kobolds, uniq_sigmund
D:7:      layout_loops_cross, minmay_temple_entry_mist
D:8:      minmay_s_stair_smasher, layout_basic, grunt_lair_entry_orc_guard_hut
D:9:      layout_basic, zin_statuary, elyvilon_altar_5, orc_0_dummy,
          minmay_misc_feat_columns
D:10:     minmay_the_grid_plus_closed [minmay_the_grid_fan,
          minmay_the_grid_small_cups, minmay_the_grid_eight,
          minmay_the_grid_minigrid_small_alt,
          minmay_the_grid_prize_four_corners_diamond_a], layout_loops_ring,
          tgw_trog, serial_glass, glass_columns_a, glass_columns_b,
          minmay_strange_pillars, unseen_surprise_small, minmay_strange_pillars,
          due_unseen_surprise
Lair:1:   layout_chaotic_city
Lair:2:   layout_misc_corridors, palyth_hydra_swamp_entry, serial_bayou_pond_d

Skill      XL: |  1  2  3  4  5  6  7  8  9 10 11 12 |
---------------+-------------------------------------+-----
Axes           | 3 4 5 6 7 8 10 11 12 | 12.3
Fighting       | 4 5 6 7 8 9 11 | 11.7
Shields        | 4 5 6 7 9 10 | 10.8
Armour         | 4 5 6 7 9 10 | 10.7
Invocations    | 3 5 7 9 10 | 10.6

Action                     |  1- 3 |  4- 6 |  7- 9 | 10-12 || total
---------------------------+-------+-------+-------+-------++-------
  Melee: War axe           |   149 |   147 |   298 |   392 ||   986
         Spear             |       |       |       |    12 ||    12
  Throw: Throwing net      |       |       |       |     1 ||     1
 Invoke: Convert to Beogh  |       |     1 |       |       ||     1
         Smiting           |       |       |     4 |       ||     4
         Recall Orcish Fol |       |       |       |     1 ||     1
    Use: Scroll            |     2 |       |     5 |     8 ||    15
         Potion            |       |     1 |     4 |       ||     5
   Stab: Distracted        |       |       |       |     1 ||     1
 Armour: Scale mail        |   100 |    42 |       |       ||   142
         Plate armour      |       |   119 |   305 |   377 ||   801
  Dodge: Dodged            |    69 |    60 |    74 |    99 ||   302
  Block: Buckler           |    44 |    33 |    42 |       ||   119
         Kite shield       |       |       |    78 |   314 ||   392
         Reflection        |       |       |       |     3 ||     3
